Rochester Americans vs Philadelphia Phantoms

Created - 17 mars 2024 at 16:57

Goals
1 2 3 T
Rochester Americans 0 0 1 1
Philadelphia Phantoms 1 5 2 8
Shots
1 2 3 T
Rochester Americans 2 12 10 24
Philadelphia Phantoms 10 15 10 35

GoalsPenalties
1st period
1. Philadelphia Phantoms , Cole Schwindt 21 (Drew O'Connor 46) at 12:27
Dennis Cholowski (PHA) for Interference (Minor) at 3:04
Joshua Dunne (AMR) for Holding (Minor) at 17:14
2nd period
2. Philadelphia Phantoms , Tyler Madden 34 (Givani Smith 39, Drew O'Connor 47) at 3:56
3. Philadelphia Phantoms , Tyler Madden 35 (Givani Smith 40) at 4:12
4. Philadelphia Phantoms , Dryden Hunt 40 (Vasili Ponomarev 76, Dylan Guenther 83) at 8:11 (PP)
5. Philadelphia Phantoms , Dylan Guenther 69 (Vasili Ponomarev 77) at 13:01
6. Philadelphia Phantoms , Vasili Ponomarev 55 (Ronnie Attard 34, Givani Smith 41) at 14:43 (PP)
Givani Smith (PHA) for Roughing (Minor) at 5:11
Brendan Brisson (AMR) for Tripping (Minor) at 7:34
Dennis Cholowski (PHA) for Fighting (Major) at 8:12
Michael Eyssimont (AMR) for Fighting (Major) at 8:12
Ronnie Attard (PHA) for Fighting (Major) at 8:23
Michael Pezzetta (AMR) for Fighting (Major) at 8:23
Brandon Coe (PHA) for Fighting (Major) at 9:10
Austin Strand (AMR) for Fighting (Major) at 9:10
Alec Regula (PHA) for Fighting (Major) at 10:30
Joshua Dunne (AMR) for Fighting (Major) at 10:30
Chase Priskie (PHA) for Fighting (Major) at 13:19
Arnaud Durandeau (AMR) for Fighting (Major) at 13:19
Dryden Hunt (PHA) for Fighting (Major) at 13:57
Michael Pezzetta (AMR) for Fighting (Major) at 13:57
Michael Pezzetta (AMR) for instigated a fight (Minor) at 13:57
Michael Pezzetta (AMR) for instigated a fight (10 Minutes Misconduct) at 13:57
Dennis Cholowski (PHA) for Fighting (Major) at 15:48
Simon Lundmark (AMR) for Fighting (Major) at 15:48
Simon Lundmark (AMR) for instigated a fight (Minor) at 15:48
Simon Lundmark (AMR) for instigated a fight (10 Minutes Misconduct) at 15:48
3rd period
7. Rochester Americans , Jesper Froden 47 (William Lagesson 26) at 0:34
8. Philadelphia Phantoms , Tyler Madden 36 (Dylan Guenther 84, Dryden Hunt 50) at 4:53
9. Philadelphia Phantoms , Vasili Ponomarev 56 (Dylan Guenther 85, Alec Regula 31) at 9:19
Ronnie Attard (PHA) for Fighting (Major) at 0:39
Seth Griffith (AMR) for Fighting (Major) at 0:39
Givani Smith (PHA) for Fighting (Major) at 0:49
Arnaud Durandeau (AMR) for Fighting (Major) at 0:49
Arnaud Durandeau (AMR) for instigated a fight (Minor) at 0:49
Arnaud Durandeau (AMR) for instigated a fight (10 Minutes Misconduct) at 0:49
Michael Pezzetta (AMR) for Interference (Minor) at 10:32
Milos Kelemen (PHA) for Fighting (Major) at 16:21
Michael Eyssimont (AMR) for Fighting (Major) at 16:21
Givani Smith (PHA) for Hooking (Minor) at 17:34
Goalie Stats
Alex Nedeljkovic (AMR), 16 saves from 21 shots - (0,762), L, 21-16-0, 33:01 minutes
Cory Schneider (AMR), 11 saves from 14 shots - (0,786), 26:59 minutes
Cayden Primeau (PHA), 23 saves from 24 shots - (0,958), W, 21-13-5, 60:00 minutes
3 StarsOfficial
1 - Tyler Madden (PHA)
2 - Vasili Ponomarev (PHA)
3 - Dylan Guenther (PHA)
Referees : Brett Roeland and Brian Pochmara
Linesman : Mark Shewchyk and Scott Driscoll
Game Note
Dennis Cholowski and Michael Eyssimont fight to a draw at 8:12 of 2nd period
Ronnie Attard beats up Michael Pezzetta at 8:23 of 2nd period
Brandon Coe and Austin Strand fight to a draw at 9:10 of 2nd period
Alec Regula and Joshua Dunne fight to a draw at 10:30 of 2nd period
Cory Schneider enters game at 13:01 of 2nd period
Chase Priskie beats up Arnaud Durandeau at 13:19 of 2nd period
Michael Pezzetta beats up Dryden Hunt at 13:57 of 2nd period
Dennis Cholowski and Simon Lundmark fight to a draw at 15:48 of 2nd period
Ronnie Attard beats up Seth Griffith at 0:39 of 3rd period
Givani Smith beats up Arnaud Durandeau at 0:49 of 3rd period
Tyler Madden has scored a Hat Trick!
Michael Eyssimont beats up Milos Kelemen at 16:21 of 3rd period
Finance
Level 1 -- Attendance: 1668 (83,40%) -- Ticket Income $58,380
Level 2 -- Attendance: 992 (99,20%) -- Ticket Income $14,880
Total Attendance: 2660 (88,67%)
Total Ticket Income: $73,260
Other Income: $35,897
Total Income: $109,157



Team Name Goals Shots Shots Attemp Shots Blocked PIM HIT PP PK FO%
Rochester Americans 12460892310 / 3 (0%)249%
Philadelphia Phantoms 835621556312 / 6 (33%)051%

Rochester Americans
Player Name POS G A P +/- PIM HIT SHT SB MP PP MP PP SHT PK MP PK SHT FO% FOT GA TA
Adam WilsbyD000-1010020:342:2303:4100% 011
Arnaud DurandeauLW000-22222113:030:5401:01020% 500
Austin StrandD0000510012:570:0001:5000% 000
Brendan BrissonC/LW/RW000-120108:200:3300:0000% 000
Gavin BayreutherD000-4021128:463:3405:3800% 004
Jacob LucchiniC/LW/RW000-2010119:472:5301:27050% 401
Jesper FrodenRW1010052116:563:2200:000100% 122
Joe SnivelyLW000101109:410:0000:000100% 100
John LudvigD0001000011:460:0000:0000% 001
Joshua DunneC0001711113:270:0003:44056% 911
Justin DanforthC/RW000-1002012:300:0005:102100% 420
Michael EyssimontC/LW000-31022219:572:1404:08046% 2800
Michael PezzettaC/LW000-22442014:173:0300:0000% 210
Rhett GardnerC/LW000-3031014:342:1900:03050% 1000
Rourke ChartierC000-1001010:000:0002:3700% 300
Seth GriffithC/LW/RW000-2514019:152:3300:280100% 220
Simon LundmarkD000-11712115:482:2301:5200% 001
William LagessonD011-5062028:513:3405:3800% 022
Philadelphia Phantoms
Player Name POS G A P +/- PIM HIT SHT SB MP PP MP PP SHT PK MP PK SHT FO% FOT GA TA
Adam GinningD0003030120:533:3502:2300% 001
Alec RegulaD0114510116:052:1700:4300% 010
Brandon CoeRW000050107:160:0000:0000% 001
Chase PriskieD0001510113:470:0000:0000% 000
Cole SchwindtC/RW1012011018:003:5101:56062% 1300
Dennis CholowskiD00001201217:192:2802:1800% 012
Drew O'ConnorLW0221033017:573:3802:2300% 110
Dryden HuntLW/RW1121523118:113:3410:3100% 013
Dylan GuentherLW/RW1341035022:365:2823:30150% 221
Givani SmithLW/RW0332941313:391:4900:0000% 100
Jackson LaCombeD0001030228:085:4403:3400% 002
Jan MysakC/LW000001408:260:0000:0300% 010
Milos KelemenLW/RW0003520011:040:3200:00050% 200
Ronnie AttardD01101012023:054:3402:5600% 010
Tyler MaddenC3033006010:460:0000:00038% 1600
Vasili PonomarevC2241005122:365:2833:31061% 3130
Wade AllisonRW0002033215:453:3710:0000% 121
Zayde WisdomC000003018:170:0000:0000% 200

Rochester Americans

5 vs 5 Forward
Line #Left WingCenterRight WingPHYDFOFWanted %Time %Time Play
1Michael PezzettaMichael EyssimontSeth Griffith0144040%17:43
2Arnaud DurandeauRhett GardnerJacob Lucchini1223024%10:53
3Joe SnivelyJoshua DunneJesper Froden1222020%8:53
4Brendan BrissonRourke ChartierJustin Danforth1221016%7:15
5 vs 5 Defense
Line #DefenseDefensePHYDFOFWanted %Time %Time Play
1Gavin BayreutherWilliam Lagesson1224041%18:25
2Simon LundmarkAdam Wilsby1223534%15:16
3Austin StrandJohn Ludvig1222521%9:33
4William LagessonSimon Lundmark12203%1:30
Power Play Forward
Line #Left WingCenterRight WingPHYDFOFWanted %Time %Time Play
1Michael PezzettaMichael EyssimontJesper Froden1226066%3:56
2Rhett GardnerSeth GriffithJacob Lucchini1224034%2:01
Power Play Defense
Line #DefenseDefensePHYDFOFWanted %Time %Time Play
1Gavin BayreutherWilliam Lagesson1226060%3:34
2Simon LundmarkAdam Wilsby1224040%2:23
Penalty Kill 4 Players Forward
Line #CenterWingPHYDFOFWanted %Time %Time Play
1Joshua DunneJustin Danforth1226072%6:42
2Rourke ChartierMichael Pezzetta1224028%2:37
Penalty Kill 4 Players Defense
Line #DefenseDefensePHYDFOFWanted %Time %Time Play
1Gavin BayreutherWilliam Lagesson1226060%5:38
2Simon LundmarkAdam Wilsby1224040%3:41
Penalty Kill 3 Players
Line #WingPHYDFOFWanted %Time %Time PlayDefenseDefensePHYDFOFWanted %Time %Time Play
1Joshua Dunne122600%0:00 Gavin BayreutherWilliam Lagesson122600%0:00
2Jacob Lucchini122400%0:00 Simon LundmarkAdam Wilsby122400%0:00
4 vs 4 Forward
Line #CenterWingPHYDFOFWanted %Time %Time Play
1Michael EyssimontMichael Pezzetta122600%0:00
2Seth GriffithRhett Gardner122400%0:00
4 vs 4 Defense
Line #DefensePHYDFOFWanted %Time %Time Play
1Gavin BayreutherWilliam Lagesson122600%0:00
2Simon LundmarkAdam Wilsby122400%0:00
Last Minutes Offensive
Left WingCenterRight WingDefenseDefense
Michael PezzettaMichael EyssimontSeth GriffithGavin BayreutherWilliam Lagesson
Last Minutes Defensive
Left WingCenterRight WingDefenseDefense
Michael PezzettaMichael EyssimontSeth GriffithGavin BayreutherWilliam Lagesson
Time
Total ForwardTotal DefenseLast Minutes OffensiveLast Minutes Defensive
60:00 60:00 0:000:00
Extra Forwards
Normal PowerPlayPenalty Kill
Arnaud Durandeau, Jacob Lucchini, Jesper FrodenArnaud Durandeau, Jacob LucchiniArnaud Durandeau
Extra Defensemen
Normal PowerPlayPenalty Kill
Simon Lundmark, Adam Wilsby, Austin StrandSimon Lundmark, Simon LundmarkAdam Wilsby
Penalty Shots
Michael Eyssimont, Seth Griffith, Michael Pezzetta, Rhett Gardner, Arnaud Durandeau
Goalie
Alex Nedeljkovic, Cory Schneider
Scratches
Anton Blidh (Healthy), Jonathan Aspirot (Healthy), Curtis Douglas (Healthy), Daniil Gushchin (Healthy), Jack St. Ivany (Healthy) Filip Cederqvist (Healthy), Emil Heineman (Healthy)

Philadelphia Phantoms

5 vs 5 Forward
Line #Left WingCenterRight WingPHYDFOFWanted %Time %Time Play
1Dylan GuentherVasili PonomarevDryden Hunt0323031%13:45
2Drew O'ConnorCole SchwindtWade Allison0322727%11:56
3Milos KelemenTyler MaddenGivani Smith0322524%10:46
4Jan MysakZayde WisdomBrandon Coe0321819%8:17
5 vs 5 Defense
Line #DefenseDefensePHYDFOFWanted %Time %Time Play
1Ronnie AttardJackson LaCombe0413637%16:21
2Dennis CholowskiChase Priskie0413437%16:41
3Alec RegulaAdam Ginning0413026%11:42
4Ronnie AttardJackson LaCombe04100%0:00
Power Play Forward
Line #Left WingCenterRight WingPHYDFOFWanted %Time %Time Play
1Dylan GuentherVasili PonomarevDryden Hunt0055362%5:44
2Drew O'ConnorCole SchwindtWade Allison0054738%3:35
Power Play Defense
Line #DefenseDefensePHYDFOFWanted %Time %Time Play
1Ronnie AttardJackson LaCombe0145562%5:44
2Dennis CholowskiAdam Ginning0144538%3:35
Penalty Kill 4 Players Forward
Line #CenterWingPHYDFOFWanted %Time %Time Play
1Vasili PonomarevDylan Guenther0505568%4:01
2Cole SchwindtDrew O'Connor0504532%1:56
Penalty Kill 4 Players Defense
Line #DefenseDefensePHYDFOFWanted %Time %Time Play
1Dennis CholowskiJackson LaCombe0505560%3:34
2Adam GinningRonnie Attard0504540%2:23
Penalty Kill 3 Players
Line #WingPHYDFOFWanted %Time %Time PlayDefenseDefensePHYDFOFWanted %Time %Time Play
1Vasili Ponomarev050550%0:00 Dennis CholowskiJackson LaCombe050550%0:00
2Cole Schwindt050450%0:00 Adam GinningRonnie Attard050450%0:00
4 vs 4 Forward
Line #CenterWingPHYDFOFWanted %Time %Time Play
1Vasili PonomarevDylan Guenther032600%0:00
2Cole SchwindtDrew O'Connor032400%0:00
4 vs 4 Defense
Line #DefensePHYDFOFWanted %Time %Time Play
1Dennis CholowskiJackson LaCombe032600%0:00
2Adam GinningRonnie Attard032400%0:00
Last Minutes Offensive
Left WingCenterRight WingDefenseDefense
Dylan GuentherVasili PonomarevWade AllisonRonnie AttardJackson LaCombe
Last Minutes Defensive
Left WingCenterRight WingDefenseDefense
Dylan GuentherVasili PonomarevWade AllisonRonnie AttardJackson LaCombe
Time
Total ForwardTotal DefenseLast Minutes OffensiveLast Minutes Defensive
60:00 60:00 0:000:00
Extra Forwards
Normal PowerPlayPenalty Kill
Dryden Hunt, Givani Smith, Cole SchwindtDryden Hunt, Givani SmithDryden Hunt
Extra Defensemen
Normal PowerPlayPenalty Kill
Ronnie Attard, Alec Regula, Adam GinningRonnie Attard, Ronnie AttardAlec Regula
Penalty Shots
Dylan Guenther, Wade Allison, Drew O'Connor, Vasili Ponomarev, Dryden Hunt
Goalie
Cayden Primeau, Hugo Alnefelt
Scratches
Brendan Perlini (Healthy), Jeremy Groleau (Healthy), Ryan Merkley (Healthy), Alexander Kisakov (Healthy), Eemil Viro (Healthy) Max Veronneau (Healthy), Emil Andrae (Healthy), Jiri Patera (Healthy)


Play-by-Play

1st period


0:01 of 1st period - Vasili Ponomarev wins face-off versus Michael Eyssimont in neutral zone.
0:26 of 1st period - Drew O'Connor is hit by William Lagesson and loses puck.
0:56 of 1st period - Justin Danforth is hit by Givani Smith and loses puck.
1:29 of 1st period - Seth Griffith is hit by Adam Ginning and loses puck.
1:40 of 1st period - Wrist shot by Michael Eyssimont.
1:40 of 1st period - Shot Misses the Net.
1:54 of 1st period - Adam Wilsby is hit by Drew O'Connor and loses puck.
2:05 of 1st period - Snap shot by Drew O'Connor.
2:05 of 1st period - Stopped by Alex Nedeljkovic with a rebound.
2:27 of 1st period - Slapshot by Jackson LaCombe.
2:27 of 1st period - Deflect By Brandon Coe.
2:27 of 1st period - Stopped by Alex Nedeljkovic with a rebound.
2:29 of 1st period - Slapshot by Ronnie Attard.
2:29 of 1st period - Stopped by Alex Nedeljkovic with a rebound.
2:41 of 1st period - Snap shot by Tyler Madden.
2:41 of 1st period - Stopped by Alex Nedeljkovic without a rebound.
2:42 of 1st period - Michael Eyssimont wins face-off versus Tyler Madden in Rochester Americans zone.
2:42 of 1st period - Michael Eyssimont is hit by Milos Kelemen.
3:04 of 1st period - Minor Penalty to Dennis Cholowski for Interference.
3:05 of 1st period - Vasili Ponomarev wins face-off versus Michael Eyssimont in Philadelphia Phantoms zone.
3:52 of 1st period - Icing by Michael Pezzetta.
3:53 of 1st period - Vasili Ponomarev wins face-off versus Michael Eyssimont in Rochester Americans zone.
3:54 of 1st period - Wrist shot by Dylan Guenther.
3:54 of 1st period - Shot Blocked by Jesper Froden.
5:04 of 1st period - Penalty to Dennis Cholowski is over, Dennis Cholowski is back on ice.
5:54 of 1st period - Snap shot by Wade Allison.
5:54 of 1st period - Stopped by Alex Nedeljkovic without a rebound.
5:55 of 1st period - Cole Schwindt wins face-off versus Joshua Dunne in Rochester Americans zone.
5:56 of 1st period - Snap shot by Drew O'Connor.
5:56 of 1st period - Shot Misses the Net.
6:42 of 1st period - Givani Smith is hit by Austin Strand and loses puck.
6:51 of 1st period - Snap shot by Tyler Madden.
6:51 of 1st period - Stopped by Alex Nedeljkovic with a rebound.
7:24 of 1st period - Wrist shot by Vasili Ponomarev.
7:24 of 1st period - Shot Blocked by Joshua Dunne.
8:06 of 1st period - Rhett Gardner is hit by Givani Smith and loses puck.
8:44 of 1st period - Seth Griffith is hit by Dryden Hunt and loses puck.
9:06 of 1st period - Joe Snively is hit by Wade Allison and loses puck.
9:17 of 1st period - Chase Priskie is hit by Joe Snively.
9:33 of 1st period - Jacob Lucchini is hit by Alec Regula and loses puck.
9:51 of 1st period - Ronnie Attard is hit by Michael Pezzetta and loses puck.
10:18 of 1st period - Snap shot by Vasili Ponomarev.
10:18 of 1st period - Stopped by Alex Nedeljkovic with a rebound.
11:02 of 1st period - Brandon Coe is hit by Rhett Gardner and loses puck.
11:36 of 1st period - Off-side.
11:37 of 1st period - Cole Schwindt wins face-off versus Rourke Chartier in neutral zone.
12:16 of 1st period - William Lagesson is hit by Drew O'Connor and loses puck.
12:25 of 1st period - Wrist shot by Drew O'Connor.
12:25 of 1st period - Shot Blocked by Jacob Lucchini.
12:27 of 1st period - Snap shot by Cole Schwindt.
12:27 of 1st period - Goal by Cole Schwindt - Rochester Americans : 0 - Philadelphia Phantoms : 1.
12:28 of 1st period - Vasili Ponomarev wins face-off versus Michael Eyssimont in neutral zone.
13:17 of 1st period - Zayde Wisdom is hit by William Lagesson and loses puck.
13:24 of 1st period - Snap shot by Brendan Brisson.
13:24 of 1st period - Shot Blocked by Zayde Wisdom.
13:30 of 1st period - Wrist shot by Justin Danforth.
13:30 of 1st period - Shot Misses the Net.
13:50 of 1st period - Wrist shot by Drew O'Connor.
13:50 of 1st period - Shot Misses the Net.
13:52 of 1st period - Slapshot by Drew O'Connor.
13:52 of 1st period - Stopped by Alex Nedeljkovic with a rebound.
14:10 of 1st period - Snap shot by Vasili Ponomarev.
14:10 of 1st period - Shot Misses the Net.
14:12 of 1st period - Wrist shot by Dylan Guenther.
14:12 of 1st period - Stopped by Alex Nedeljkovic with a rebound.
14:22 of 1st period - John Ludvig is hit by Milos Kelemen.
15:08 of 1st period - Michael Eyssimont is hit by Chase Priskie and loses puck.
15:19 of 1st period - Michael Eyssimont is hit by Dryden Hunt.
15:29 of 1st period - Snap shot by Michael Pezzetta.
15:29 of 1st period - Stopped by Cayden Primeau with a rebound.
15:31 of 1st period - Slapshot by Gavin Bayreuther.
15:31 of 1st period - Shot Misses the Net.
15:33 of 1st period - Slapshot by Gavin Bayreuther.
15:33 of 1st period - Shot Blocked by Dennis Cholowski.
15:35 of 1st period - Slapshot by Seth Griffith.
15:35 of 1st period - Shot Misses the Net.
15:37 of 1st period - Snap shot by Michael Eyssimont.
15:37 of 1st period - Shot Misses the Net.
15:41 of 1st period - Snap shot by Michael Pezzetta.
15:41 of 1st period - Shot Blocked by Vasili Ponomarev.
15:51 of 1st period - Snap shot by Seth Griffith.
15:51 of 1st period - Shot Blocked by Dennis Cholowski.
16:25 of 1st period - Snap shot by Seth Griffith.
16:25 of 1st period - Stopped by Cayden Primeau without a rebound.
16:26 of 1st period - Tyler Madden wins face-off versus Rhett Gardner in Philadelphia Phantoms zone.
16:32 of 1st period - Icing by Tyler Madden.
16:33 of 1st period - Tyler Madden wins face-off versus Rhett Gardner in Philadelphia Phantoms zone.
16:33 of 1st period - Tyler Madden is hit by Arnaud Durandeau.
16:59 of 1st period - Gavin Bayreuther is hit by Wade Allison and loses puck.
17:14 of 1st period - Minor Penalty to Joshua Dunne for Holding.
17:15 of 1st period - Cole Schwindt wins face-off versus Arnaud Durandeau in Rochester Americans zone.
17:28 of 1st period - Slapshot by Drew O'Connor.
17:28 of 1st period - Shot Blocked by Arnaud Durandeau.
19:14 of 1st period - Penalty to Joshua Dunne is over, Joshua Dunne is back on ice.
19:21 of 1st period - John Ludvig is hit by Adam Ginning and loses puck.
19:46 of 1st period - Backhand shot by Tyler Madden.
19:46 of 1st period - Shot Misses the Net.
Goals for this period are 0 for Rochester Americans vs 1 for Philadelphia Phantoms.
Shots for this period are 2 for Rochester Americans vs 10 for Philadelphia Phantoms.

2nd period


0:01 of 2nd period - Vasili Ponomarev wins face-off versus Michael Eyssimont in neutral zone.
0:04 of 2nd period - Simon Lundmark is hit by Ronnie Attard and loses puck.
0:15 of 2nd period - Wrist shot by Michael Pezzetta.
0:15 of 2nd period - Shot Blocked by Dryden Hunt.
0:22 of 2nd period - Icing by Dryden Hunt.
0:23 of 2nd period - Rhett Gardner wins face-off versus Vasili Ponomarev in Philadelphia Phantoms zone.
0:34 of 2nd period - Snap shot by Arnaud Durandeau.
0:34 of 2nd period - Deflect By Jackson LaCombe.
0:34 of 2nd period - Shot Blocked by Jackson LaCombe.
0:34 of 2nd period - Puck is out of play.
0:35 of 2nd period - Cole Schwindt wins face-off versus Michael Pezzetta in Philadelphia Phantoms zone.
0:35 of 2nd period - Cole Schwindt is hit by Michael Pezzetta.
0:47 of 2nd period - Wrist shot by Drew O'Connor.
0:47 of 2nd period - Stopped by Alex Nedeljkovic without a rebound.
0:48 of 2nd period - Michael Eyssimont wins face-off versus Vasili Ponomarev in Rochester Americans zone.
1:04 of 2nd period - Snap shot by Michael Pezzetta.
1:04 of 2nd period - Shot Misses the Net.
1:43 of 2nd period - Snap shot by Vasili Ponomarev.
1:43 of 2nd period - Shot Misses the Net.
2:01 of 2nd period - Snap shot by Joe Snively.
2:01 of 2nd period - Shot Misses the Net.
2:03 of 2nd period - Slapshot by Joshua Dunne.
2:03 of 2nd period - Stopped by Cayden Primeau with a rebound.
2:05 of 2nd period - Slapshot by Joe Snively.
2:05 of 2nd period - Shot Blocked by Chase Priskie.
2:11 of 2nd period - Snap shot by Joe Snively.
2:11 of 2nd period - Stopped by Cayden Primeau with a rebound.
2:13 of 2nd period - Slapshot by William Lagesson.
2:13 of 2nd period - Stopped by Cayden Primeau with a rebound.
2:15 of 2nd period - Slapshot by Gavin Bayreuther.
2:15 of 2nd period - Stopped by Cayden Primeau with a rebound.
2:17 of 2nd period - Slapshot by Gavin Bayreuther.
2:17 of 2nd period - Shot Misses the Net.
2:19 of 2nd period - Snap shot by Joshua Dunne.
2:19 of 2nd period - Deflect By Jesper Froden.
2:19 of 2nd period - Shot Misses the Net.
2:19 of 2nd period - Puck is out of play.
2:20 of 2nd period - Michael Eyssimont wins face-off versus Cole Schwindt in Philadelphia Phantoms zone.
2:23 of 2nd period - Slapshot by Michael Pezzetta.
2:23 of 2nd period - Shot Misses the Net.
2:25 of 2nd period - Slapshot by Adam Wilsby.
2:25 of 2nd period - Shot Misses the Net.
2:27 of 2nd period - Slapshot by Simon Lundmark.
2:27 of 2nd period - Stopped by Cayden Primeau without a rebound.
2:28 of 2nd period - Michael Eyssimont wins face-off versus Cole Schwindt in Philadelphia Phantoms zone.
2:39 of 2nd period - Snap shot by Wade Allison.
2:39 of 2nd period - Stopped by Alex Nedeljkovic with a rebound.
3:18 of 2nd period - Snap shot by Ronnie Attard.
3:18 of 2nd period - Deflect By Tyler Madden.
3:18 of 2nd period - Shot Blocked by Simon Lundmark.
3:18 of 2nd period - Puck is out of play.
3:19 of 2nd period - Michael Eyssimont wins face-off versus Drew O'Connor in Rochester Americans zone.
3:19 of 2nd period - Michael Eyssimont is hit by Wade Allison.
3:26 of 2nd period - Off-side.
3:27 of 2nd period - Cole Schwindt wins face-off versus Michael Eyssimont in neutral zone.
3:42 of 2nd period - Slapshot by Michael Eyssimont.
3:42 of 2nd period - Stopped by Cayden Primeau with a rebound.
3:56 of 2nd period - Wrist shot by Tyler Madden.
3:56 of 2nd period - Goal by Tyler Madden - Rochester Americans : 0 - Philadelphia Phantoms : 2.
3:57 of 2nd period - Michael Eyssimont wins face-off versus Milos Kelemen in neutral zone.
4:00 of 2nd period - Snap shot by Michael Pezzetta.
4:00 of 2nd period - Shot Misses the Net.
4:12 of 2nd period - Slapshot by Tyler Madden.
4:12 of 2nd period - Goal by Tyler Madden - Rochester Americans : 0 - Philadelphia Phantoms : 3.
4:13 of 2nd period - Michael Eyssimont wins face-off versus Zayde Wisdom in neutral zone.
4:24 of 2nd period - Slapshot by Ronnie Attard.
4:24 of 2nd period - Stopped by Alex Nedeljkovic with a rebound.
4:26 of 2nd period - Wrist shot by Jan Mysak.
4:26 of 2nd period - Stopped by Alex Nedeljkovic without a rebound.
4:27 of 2nd period - Cole Schwindt wins face-off versus Rhett Gardner in Rochester Americans zone.
4:32 of 2nd period - Wrist shot by Drew O'Connor.
4:32 of 2nd period - Deflect By Cole Schwindt.
4:32 of 2nd period - Shot Misses the Net.
4:32 of 2nd period - Puck is out of play.
4:33 of 2nd period - Cole Schwindt wins face-off versus Rhett Gardner in Rochester Americans zone.
5:11 of 2nd period - Minor Penalty to Givani Smith for Roughing.
5:12 of 2nd period - Vasili Ponomarev wins face-off versus Michael Eyssimont in Philadelphia Phantoms zone.
5:12 of 2nd period - Vasili Ponomarev is hit by Michael Eyssimont.
5:26 of 2nd period - Off-side.
5:27 of 2nd period - Michael Eyssimont wins face-off versus Vasili Ponomarev in neutral zone.
5:30 of 2nd period - Gavin Bayreuther is hit by Jackson LaCombe and loses puck.
5:34 of 2nd period - Icing by Gavin Bayreuther.
5:35 of 2nd period - Vasili Ponomarev wins face-off versus Michael Eyssimont in Rochester Americans zone.
5:36 of 2nd period - Wrist shot by Dylan Guenther.
5:36 of 2nd period - Stopped by Alex Nedeljkovic with a rebound.
7:11 of 2nd period - Penalty to Givani Smith is over, Givani Smith is back on ice.
7:26 of 2nd period - Wrist shot by Jan Mysak.
7:26 of 2nd period - Shot Misses the Net.
7:28 of 2nd period - Wrist shot by Jan Mysak.
7:28 of 2nd period - Shot Misses the Net.
7:34 of 2nd period - Minor Penalty to Brendan Brisson for Tripping.
7:35 of 2nd period - Vasili Ponomarev wins face-off versus Joshua Dunne in Rochester Americans zone.
7:38 of 2nd period - Snap shot by Vasili Ponomarev.
7:38 of 2nd period - Stopped by Alex Nedeljkovic without a rebound.
7:39 of 2nd period - Vasili Ponomarev wins face-off versus Joshua Dunne in Rochester Americans zone.
7:44 of 2nd period - Wrist shot by Vasili Ponomarev.
7:44 of 2nd period - Stopped by Alex Nedeljkovic without a rebound.
7:45 of 2nd period - Justin Danforth wins face-off versus Vasili Ponomarev in Rochester Americans zone.
7:55 of 2nd period - Snap shot by Justin Danforth.
7:55 of 2nd period - Stopped by Cayden Primeau without a rebound.
7:56 of 2nd period - Joshua Dunne wins face-off versus Vasili Ponomarev in Philadelphia Phantoms zone.
7:59 of 2nd period - Snap shot by Justin Danforth.
7:59 of 2nd period - Stopped by Cayden Primeau without a rebound.
8:00 of 2nd period - Vasili Ponomarev wins face-off versus Joshua Dunne in Philadelphia Phantoms zone.
8:09 of 2nd period - Snap shot by Vasili Ponomarev.
8:09 of 2nd period - Shot Misses the Net.
8:11 of 2nd period - Wrist shot by Dryden Hunt.
8:11 of 2nd period - Goal by Dryden Hunt - Rochester Americans : 0 - Philadelphia Phantoms : 4.
8:12 of 2nd period - Vasili Ponomarev wins face-off versus Michael Pezzetta in neutral zone.
8:12 of 2nd period - Dennis Cholowski and Michael Eyssimont fight to a draw.
8:12 of 2nd period - Penalty to Dennis Cholowski for Fighting.
8:12 of 2nd period - Penalty to Michael Eyssimont for Fighting.
8:13 of 2nd period - Vasili Ponomarev wins face-off versus Arnaud Durandeau in neutral zone.
8:22 of 2nd period - Slapshot by Michael Pezzetta.
8:22 of 2nd period - Shot Misses the Net.
8:23 of 2nd period - Ronnie Attard beats up Michael Pezzetta.
8:23 of 2nd period - Penalty to Ronnie Attard for Fighting.
8:23 of 2nd period - Penalty to Michael Pezzetta for Fighting.
8:24 of 2nd period - Arnaud Durandeau wins face-off versus Wade Allison in Philadelphia Phantoms zone.
8:37 of 2nd period - Wrist shot by Seth Griffith.
8:37 of 2nd period - Stopped by Cayden Primeau with a rebound.
8:51 of 2nd period - Alec Regula is hit by Jesper Froden and loses puck.
9:10 of 2nd period - Brandon Coe and Austin Strand fight to a draw.
9:10 of 2nd period - Penalty to Brandon Coe for Fighting.
9:10 of 2nd period - Penalty to Austin Strand for Fighting.
9:11 of 2nd period - Milos Kelemen wins face-off versus Arnaud Durandeau in Rochester Americans zone.
9:36 of 2nd period - Dryden Hunt is hit by Simon Lundmark and loses puck.
10:09 of 2nd period - Wade Allison is hit by William Lagesson and loses puck.
10:27 of 2nd period - Off-side.
10:28 of 2nd period - Joshua Dunne wins face-off versus Tyler Madden in neutral zone.
10:30 of 2nd period - Alec Regula and Joshua Dunne fight to a draw.
10:30 of 2nd period - Penalty to Alec Regula for Fighting.
10:30 of 2nd period - Penalty to Joshua Dunne for Fighting.
10:31 of 2nd period - Dylan Guenther wins face-off versus Jacob Lucchini in Philadelphia Phantoms zone.
10:31 of 2nd period - Dylan Guenther is hit by Rhett Gardner.
11:27 of 2nd period - Justin Danforth is hit by Zayde Wisdom.
11:47 of 2nd period - Brendan Brisson is hit by Jackson LaCombe and loses puck.
12:11 of 2nd period - Icing by Jacob Lucchini.
12:12 of 2nd period - Jacob Lucchini wins face-off versus Zayde Wisdom in Rochester Americans zone.
12:12 of 2nd period - Jacob Lucchini is hit by Jan Mysak.
12:17 of 2nd period - Gavin Bayreuther is hit by Adam Ginning.
12:33 of 2nd period - Snap shot by Seth Griffith.
12:33 of 2nd period - Stopped by Cayden Primeau with a rebound.
12:47 of 2nd period - Backhand shot by Jesper Froden.
12:47 of 2nd period - Shot Misses the Net.
12:49 of 2nd period - Slapshot by Simon Lundmark.
12:49 of 2nd period - Stopped by Cayden Primeau with a rebound.
12:51 of 2nd period - Wrist shot by Gavin Bayreuther.
12:51 of 2nd period - Deflect By Seth Griffith.
12:51 of 2nd period - Shot Misses the Net.
12:51 of 2nd period - Puck is out of play.
12:52 of 2nd period - Vasili Ponomarev wins face-off versus Rourke Chartier in Philadelphia Phantoms zone.
13:01 of 2nd period - Wrist shot by Dylan Guenther.
13:01 of 2nd period - Goal by Dylan Guenther - Rochester Americans : 0 - Philadelphia Phantoms : 5.
13:01 of 2nd period - Cory Schneider enters game.
13:02 of 2nd period - Rhett Gardner wins face-off versus Cole Schwindt in neutral zone.
13:19 of 2nd period - Chase Priskie beats up Arnaud Durandeau.
13:19 of 2nd period - Penalty to Chase Priskie for Fighting.
13:19 of 2nd period - Penalty to Arnaud Durandeau for Fighting.
13:20 of 2nd period - Rhett Gardner wins face-off versus Tyler Madden in Philadelphia Phantoms zone.
13:29 of 2nd period - Snap shot by Rhett Gardner.
13:29 of 2nd period - Shot Misses the Net.
13:36 of 2nd period - Off-side.
13:37 of 2nd period - Vasili Ponomarev wins face-off versus Michael Eyssimont in neutral zone.
13:44 of 2nd period - Wrist shot by Dryden Hunt.
13:44 of 2nd period - Stopped by Cory Schneider without a rebound.
13:45 of 2nd period - Vasili Ponomarev wins face-off versus Michael Eyssimont in Rochester Americans zone.
13:57 of 2nd period - Michael Pezzetta beats up Dryden Hunt.
13:57 of 2nd period - Penalty to Dryden Hunt for Fighting.
13:57 of 2nd period - Penalty to Michael Pezzetta for Fighting.
13:57 of 2nd period - Penalty to Michael Pezzetta for instigated a fight.
13:57 of 2nd period - Penalty to Michael Pezzetta for instigated a fight.
13:58 of 2nd period - Vasili Ponomarev wins face-off versus Michael Eyssimont in Rochester Americans zone.
14:07 of 2nd period - Snap shot by Vasili Ponomarev.
14:07 of 2nd period - Deflect By Givani Smith.
14:07 of 2nd period - Shot Hit the Post.
14:07 of 2nd period - Puck is out of play.
14:08 of 2nd period - Michael Eyssimont wins face-off versus Dylan Guenther in Rochester Americans zone.
14:10 of 2nd period - Penalty to Austin Strand is over, Austin Strand is back on ice.
14:19 of 2nd period - Snap shot by Dylan Guenther.
14:19 of 2nd period - Stopped by Cory Schneider with a rebound.
14:21 of 2nd period - Slapshot by Jackson LaCombe.
14:21 of 2nd period - Shot Blocked by Gavin Bayreuther.
14:23 of 2nd period - Wrist shot by Ronnie Attard.
14:23 of 2nd period - Deflect By Dylan Guenther.
14:23 of 2nd period - Stopped by Cory Schneider with a rebound.
14:25 of 2nd period - Wrist shot by Givani Smith.
14:25 of 2nd period - Shot Misses the Net.
14:43 of 2nd period - Slapshot by Ronnie Attard.
14:43 of 2nd period - Deflect By Vasili Ponomarev.
14:43 of 2nd period - Goal by Vasili Ponomarev - Rochester Americans : 0 - Philadelphia Phantoms : 6.
14:44 of 2nd period - Rhett Gardner wins face-off versus Cole Schwindt in neutral zone.
14:47 of 2nd period - Snap shot by Jacob Lucchini.
14:47 of 2nd period - Shot Blocked by Wade Allison.
14:49 of 2nd period - Slapshot by Jacob Lucchini.
14:49 of 2nd period - Shot Misses the Net.
15:15 of 2nd period - Snap shot by Brendan Brisson.
15:15 of 2nd period - Shot Misses the Net.
15:17 of 2nd period - Slapshot by William Lagesson.
15:17 of 2nd period - Deflect By Brendan Brisson.
15:17 of 2nd period - Stopped by Cayden Primeau without a rebound.
15:18 of 2nd period - Jacob Lucchini wins face-off versus Givani Smith in Philadelphia Phantoms zone.
15:25 of 2nd period - Jacob Lucchini is hit by Givani Smith and loses puck.
15:30 of 2nd period - Slapshot by Milos Kelemen.
15:30 of 2nd period - Deflect By Givani Smith.
15:30 of 2nd period - Shot Misses the Net.
15:30 of 2nd period - Puck is out of play.
15:31 of 2nd period - Seth Griffith wins face-off versus Vasili Ponomarev in Rochester Americans zone.
15:46 of 2nd period - Michael Eyssimont is hit by Givani Smith and loses puck.
15:48 of 2nd period - Dennis Cholowski and Simon Lundmark fight to a draw.
15:48 of 2nd period - Penalty to Dennis Cholowski for Fighting.
15:48 of 2nd period - Penalty to Simon Lundmark for Fighting.
15:48 of 2nd period - Penalty to Simon Lundmark for instigated a fight.
15:48 of 2nd period - Penalty to Simon Lundmark for instigated a fight.
15:49 of 2nd period - Justin Danforth wins face-off versus Vasili Ponomarev in Rochester Americans zone.
16:14 of 2nd period - Jackson LaCombe is hit by Michael Eyssimont and loses puck.
16:36 of 2nd period - Joshua Dunne is hit by Dylan Guenther and loses puck.
17:48 of 2nd period - Penalty to Simon Lundmark is over, Seth Griffith is send on ice.
17:59 of 2nd period - Jan Mysak is hit by Rhett Gardner and loses puck.
19:03 of 2nd period - Jacob Lucchini is hit by Zayde Wisdom and loses puck.
19:21 of 2nd period - Alec Regula is hit by Jacob Lucchini and loses puck.
19:38 of 2nd period - Ronnie Attard is hit by Gavin Bayreuther and loses puck.
Goals for this period are 0 for Rochester Americans vs 5 for Philadelphia Phantoms.
Shots for this period are 12 for Rochester Americans vs 15 for Philadelphia Phantoms.

3rd period


0:01 of 3rd period - Vasili Ponomarev wins face-off versus Rhett Gardner in neutral zone.
0:34 of 3rd period - Snap shot by Jesper Froden.
0:34 of 3rd period - Goal by Jesper Froden - Rochester Americans : 1 - Philadelphia Phantoms : 6.
0:35 of 3rd period - Seth Griffith wins face-off versus Tyler Madden in neutral zone.
0:39 of 3rd period - Ronnie Attard beats up Seth Griffith.
0:39 of 3rd period - Penalty to Ronnie Attard for Fighting.
0:39 of 3rd period - Penalty to Seth Griffith for Fighting.
0:40 of 3rd period - Tyler Madden wins face-off versus Michael Eyssimont in Philadelphia Phantoms zone.
0:40 of 3rd period - Tyler Madden is hit by Arnaud Durandeau.
0:43 of 3rd period - Icing by Jackson LaCombe.
0:44 of 3rd period - Tyler Madden wins face-off versus Michael Eyssimont in Philadelphia Phantoms zone.
0:44 of 3rd period - Tyler Madden is hit by William Lagesson.
0:49 of 3rd period - Givani Smith beats up Arnaud Durandeau.
0:49 of 3rd period - Penalty to Givani Smith for Fighting.
0:49 of 3rd period - Penalty to Arnaud Durandeau for Fighting.
0:49 of 3rd period - Penalty to Arnaud Durandeau for instigated a fight.
0:49 of 3rd period - Penalty to Arnaud Durandeau for instigated a fight.
0:50 of 3rd period - Justin Danforth wins face-off versus Vasili Ponomarev in Rochester Americans zone.
2:49 of 3rd period - Penalty to Arnaud Durandeau is over, Jesper Froden is send on ice.
2:59 of 3rd period - Adam Ginning is hit by Jesper Froden.
3:32 of 3rd period - Wrist shot by Jan Mysak.
3:32 of 3rd period - Stopped by Cory Schneider with a rebound.
3:34 of 3rd period - Slapshot by Dennis Cholowski.
3:34 of 3rd period - Stopped by Cory Schneider with a rebound.
3:38 of 3rd period - Backhand shot by Dennis Cholowski.
3:38 of 3rd period - Deflect By Jan Mysak.
3:38 of 3rd period - Stopped by Cory Schneider with a rebound.
3:40 of 3rd period - Wrist shot by Zayde Wisdom.
3:40 of 3rd period - Shot Misses the Net.
3:42 of 3rd period - Snap shot by Jan Mysak.
3:42 of 3rd period - Stopped by Cory Schneider with a rebound.
3:44 of 3rd period - Snap shot by Brandon Coe.
3:44 of 3rd period - Shot Misses the Net.
3:46 of 3rd period - Slapshot by Adam Ginning.
3:46 of 3rd period - Shot Blocked by Michael Eyssimont.
3:48 of 3rd period - Wrist shot by Jan Mysak.
3:48 of 3rd period - Deflect By John Ludvig.
3:48 of 3rd period - Shot Misses the Net.
3:48 of 3rd period - Puck is out of play.
3:49 of 3rd period - Justin Danforth wins face-off versus Tyler Madden in Rochester Americans zone.
4:00 of 3rd period - Slapshot by Tyler Madden.
4:00 of 3rd period - Stopped by Cory Schneider with a rebound.
4:38 of 3rd period - Alec Regula is hit by Joshua Dunne and loses puck.
4:53 of 3rd period - Wrist shot by Tyler Madden.
4:53 of 3rd period - Goal by Tyler Madden - Rochester Americans : 1 - Philadelphia Phantoms : 7.
4:54 of 3rd period - Michael Eyssimont wins face-off versus Vasili Ponomarev in neutral zone.
5:33 of 3rd period - Slapshot by Dylan Guenther.
5:33 of 3rd period - Shot Misses the Net.
6:11 of 3rd period - Wrist shot by Rhett Gardner.
6:11 of 3rd period - Shot Blocked by Wade Allison.
6:40 of 3rd period - Slapshot by Tyler Madden.
6:40 of 3rd period - Shot Misses the Net.
6:52 of 3rd period - Austin Strand is hit by Zayde Wisdom and loses puck.
7:20 of 3rd period - Snap shot by Jesper Froden.
7:20 of 3rd period - Stopped by Cayden Primeau without a rebound.
7:21 of 3rd period - Joshua Dunne wins face-off versus Tyler Madden in Philadelphia Phantoms zone.
7:40 of 3rd period - Adam Ginning is hit by William Lagesson and loses puck.
8:13 of 3rd period - Austin Strand is hit by Jackson LaCombe and loses puck.
8:28 of 3rd period - Wrist shot by Rourke Chartier.
8:28 of 3rd period - Stopped by Cayden Primeau with a rebound.
8:57 of 3rd period - 10 Minutes Misconduct Penalty to Michael Pezzetta is over.
8:59 of 3rd period - Wrist shot by Joe Snively.
8:59 of 3rd period - Shot Blocked by Alec Regula.
9:01 of 3rd period - Snap shot by John Ludvig.
9:01 of 3rd period - Shot Blocked by Adam Ginning.
9:19 of 3rd period - Slapshot by Vasili Ponomarev.
9:19 of 3rd period - Goal by Vasili Ponomarev - Rochester Americans : 1 - Philadelphia Phantoms : 8.
9:20 of 3rd period - Michael Eyssimont wins face-off versus Tyler Madden in neutral zone.
9:56 of 3rd period - Snap shot by Rhett Gardner.
9:56 of 3rd period - Stopped by Cayden Primeau without a rebound.
9:57 of 3rd period - Michael Eyssimont wins face-off versus Tyler Madden in Philadelphia Phantoms zone.
10:06 of 3rd period - Wrist shot by Michael Eyssimont.
10:06 of 3rd period - Stopped by Cayden Primeau without a rebound.
10:07 of 3rd period - Tyler Madden wins face-off versus Michael Eyssimont in Philadelphia Phantoms zone.
10:07 of 3rd period - Tyler Madden is hit by Gavin Bayreuther.
10:17 of 3rd period - Slapshot by Givani Smith.
10:17 of 3rd period - Stopped by Cory Schneider with a rebound.
10:19 of 3rd period - Slapshot by Adam Ginning.
10:19 of 3rd period - Shot Blocked by Michael Eyssimont.
10:32 of 3rd period - Minor Penalty to Michael Pezzetta for Interference.
10:33 of 3rd period - Joshua Dunne wins face-off versus Vasili Ponomarev in Rochester Americans zone.
10:48 of 3rd period - 10 Minutes Misconduct Penalty to Simon Lundmark is over.
11:05 of 3rd period - Slapshot by Jackson LaCombe.
11:05 of 3rd period - Shot Misses the Net.
11:07 of 3rd period - Snap shot by Wade Allison.
11:07 of 3rd period - Stopped by Cory Schneider without a rebound.
11:08 of 3rd period - Vasili Ponomarev wins face-off versus Rourke Chartier in Rochester Americans zone.
11:32 of 3rd period - Cole Schwindt is hit by Adam Wilsby and loses puck.
12:32 of 3rd period - Penalty to Michael Pezzetta is over, Michael Pezzetta is back on ice.
12:47 of 3rd period - Wrist shot by Rhett Gardner.
12:47 of 3rd period - Shot Blocked by Givani Smith.
13:39 of 3rd period - Seth Griffith is hit by Drew O'Connor and loses puck.
13:48 of 3rd period - Chase Priskie is hit by Seth Griffith and loses puck.
14:24 of 3rd period - Icing by William Lagesson.
14:25 of 3rd period - Joshua Dunne wins face-off versus Vasili Ponomarev in Rochester Americans zone.
14:30 of 3rd period - William Lagesson is hit by Dylan Guenther and loses puck.
14:41 of 3rd period - Vasili Ponomarev is hit by Jesper Froden.
15:41 of 3rd period - Chase Priskie is hit by Jesper Froden and loses puck.
15:49 of 3rd period - 10 Minutes Misconduct Penalty to Arnaud Durandeau is over.
15:50 of 3rd period - Snap shot by Dennis Cholowski.
15:50 of 3rd period - Shot Misses the Net.
15:52 of 3rd period - Slapshot by Dryden Hunt.
15:52 of 3rd period - Stopped by Cory Schneider without a rebound.
15:53 of 3rd period - Rhett Gardner wins face-off versus Cole Schwindt in Rochester Americans zone.
16:00 of 3rd period - Slapshot by Jacob Lucchini.
16:00 of 3rd period - Shot Misses the Net.
16:08 of 3rd period - Slapshot by Arnaud Durandeau.
16:08 of 3rd period - Stopped by Cayden Primeau without a rebound.
16:09 of 3rd period - Michael Eyssimont wins face-off versus Tyler Madden in Philadelphia Phantoms zone.
16:16 of 3rd period - Snap shot by Michael Eyssimont.
16:16 of 3rd period - Shot Blocked by Jackson LaCombe.
16:18 of 3rd period - Slapshot by Michael Eyssimont.
16:18 of 3rd period - Deflect By Michael Pezzetta.
16:18 of 3rd period - Shot Blocked by Givani Smith.
16:18 of 3rd period - Puck is out of play.
16:19 of 3rd period - Tyler Madden wins face-off versus Michael Eyssimont in Philadelphia Phantoms zone.
16:21 of 3rd period - Michael Eyssimont beats up Milos Kelemen.
16:21 of 3rd period - Penalty to Milos Kelemen for Fighting.
16:21 of 3rd period - Penalty to Michael Eyssimont for Fighting.
16:22 of 3rd period - Cole Schwindt wins face-off versus Arnaud Durandeau in Philadelphia Phantoms zone.
16:46 of 3rd period - Wade Allison is hit by Michael Pezzetta and loses puck.
16:55 of 3rd period - Gavin Bayreuther is hit by Cole Schwindt and loses puck.
17:04 of 3rd period - Cole Schwindt is hit by William Lagesson and loses puck.
17:15 of 3rd period - Drew O'Connor is hit by Michael Pezzetta and loses puck.
17:20 of 3rd period - Snap shot by Seth Griffith.
17:20 of 3rd period - Stopped by Cayden Primeau with a rebound.
17:22 of 3rd period - Wrist shot by Arnaud Durandeau.
17:22 of 3rd period - Shot Misses the Net.
17:24 of 3rd period - Snap shot by Michael Pezzetta.
17:24 of 3rd period - Stopped by Cayden Primeau with a rebound.
17:26 of 3rd period - Snap shot by William Lagesson.
17:26 of 3rd period - Shot Misses the Net.
17:28 of 3rd period - Slapshot by William Lagesson.
17:28 of 3rd period - Stopped by Cayden Primeau with a rebound.
17:30 of 3rd period - Snap shot by Arnaud Durandeau.
17:30 of 3rd period - Stopped by Cayden Primeau without a rebound.
17:31 of 3rd period - Joe Snively wins face-off versus Tyler Madden in Philadelphia Phantoms zone.
17:32 of 3rd period - Wrist shot by Jesper Froden.
17:32 of 3rd period - Shot Blocked by Givani Smith.
17:34 of 3rd period - Minor Penalty to Givani Smith for Hooking.
17:35 of 3rd period - Vasili Ponomarev wins face-off versus Jacob Lucchini in Philadelphia Phantoms zone.
17:52 of 3rd period - Rhett Gardner is hit by Dylan Guenther and loses puck.
18:16 of 3rd period - Icing by Adam Wilsby.
18:17 of 3rd period - Jesper Froden wins face-off versus Vasili Ponomarev in Rochester Americans zone.
19:12 of 3rd period - Adam Ginning is hit by Jesper Froden and loses puck.
19:34 of 3rd period - Penalty to Givani Smith is over, Givani Smith is back on ice.
Goals for this period are 1 for Rochester Americans vs 2 for Philadelphia Phantoms.
Shots for this period are 10 for Rochester Americans vs 10 for Philadelphia Phantoms.




Output by the SimonT Hockey Simulator (STHS) for Eric Tremblay - Original Page W3C HTML5 Valid
Hockey Simulator - Hockey Simulation - Hockey Manager